 Dungeon Crawl Stone Soup version 0.30-a0-1160-g6e42c06551 (webtiles) character file.

Game seed: 10097659760926887167

117 LustLizard the Ruffian (level 4, -1/32 HPs)
             Began as a Demigod Transmuter on Apr 25, 2023.
             Slain by an orc wizard
             ... wielding a +0 dagger
              (4 damage)
             ... on level 3 of the Dungeon.
             The game lasted 00:04:27 (2181 turns).

LustLizard the Ruffian (Demigod Transmuter)         Turns: 2181, Time: 00:04:28

Health: -1/32      AC:  2    Str: 13    XL:     4   Next: 44%
Magic:  9/10       EV: 12    Int: 15    God:
Gold:   137        SH:  0    Dex: 14    Spells: 4/7 levels left

rFire   . .          .
                       - Unarmed
rCold   . . .        (no shield)
rNeg    . . .        a - +0 robe
rPois   .            (helmet currently unavailable)
rElec   .            (no cloak)
rCorr   .            (no gloves)
SInv    .            j - melded +0 pair of boots
Will    .....        (no amulet)
Stlth   +            f - ring of flight
HPRegen 0.25/turn    (no ring)
MPRegen 0.12/turn

%: no passive effects
@: confused, appendages, attractive, flying, unable to read
A: horns 2, talons 2, high MP 1, forlorn, divine attributes, frail 1, weak 1,
inability to read after injury 1
a: End Transformation


You were on level 3 of the Dungeon.
You had temporarily grown beastly horns and talons.
You visited 1 branch of the dungeon, and saw 3 of its levels.

You collected 137 gold pieces.

Inventory:

Armour
 a - a +0 robe (worn)
 j - a +0 pair of boots (melded)
Jewellery
 f - a ring of flight (left hand)
Wands
 m - a wand of iceblast (14)
Scrolls
 i - a scroll of magic mapping {unknown}
 k - 2 scrolls of vulnerability {unknown}
 l - a scroll of fog {unknown}
 n - a scroll of immolation {unknown}
 o - 2 scrolls of poison {unknown}
 q - a scroll of acquirement {unknown}
Potions
 b - a potion of lignification
 c - 3 potions of attraction
 d - a potion of magic {unknown}
 e - 2 potions of mutation
 g - a potion of haste {unknown}
 h - a potion of heal wounds
 p - a potion of curing


   Skills:
 + Level 1.7 Fighting
 - Level 1.7 Dodging
 * Level 3.5 Unarmed Combat
 + Level 2.2 Spellcasting
 * Level 3.0 Transmutations
 * Level 0.4 Evocations


You had 4 spell levels left.
You knew the following spells:

 Your Spells              Type           Power      Damage    Failure   Level
a - Beastly Appendage     Tmut           20%        N/A       6%          1
b - Wereblood             Tmut           10%        N/A       10%         2

Your spell library contained the following spells:

 Spells                   Type           Power      Damage    Failure   Level
 Spider Form              Tmut/Pois      6%         N/A       34%         3
 Ignite Poison            Fire/Tmut/Pois 4%         N/A       41%         3
 Ice Form                 Ice/Tmut       6%         N/A       75%         4
 Sticky Flame             Conj/Fire      1%         2d3       91%         4
 Ignition                 Fire           0%         3d3       100%        8


Dungeon Overview and Level Annotations

Branches:
Dungeon (3/15)


Innate Abilities, Weirdness & Mutations

You have temporarily grown beastly horns and talons.
You have an increased reservoir of magic. (+10% MP)
You shall have no god before yourself.
Your divine heritage dramatically boosts your attributes as you level up.
You are frail. (-10% HP)
You are weak. (Str -2)
You occasionally lose the ability to read scrolls when taking damage.


Message History

You miss something.
You howl as the wereblood boils in your veins!
You hear some strange, mumbled words.
A puff of flame appears from out of thin air!
The puff of flame hits you.
* * * LOW HITPOINT WARNING * * *
The orc barely misses you.
You bump into the rock wall.
You howl as the wereblood boils in your veins!
Your primal bloodlust has ended.
An orc wizard appears from thin air!
Reactivating autopickup.
The orc wizard gestures wildly while chanting.
The orc wizard flickers and vanishes!
Deactivating autopickup; reactivate with Ctrl-A.
The orc closely misses you.
You barely miss something.
You feel less confused. Something hits you but does no damage.
The orc closely misses you.
You miss something. Something hits you.
* * * LOW HITPOINT WARNING * * *
The orc hits you but does no damage.
Unknown command.
You closely miss something.
You can read scrolls again.
Something hits you but does no damage. The orc closely misses you.
Unknown command.
Casting: Wereblood (safe; 10% risk of failure)
Confirm with . or Enter, or press ? or * to list all spells.
You grow a pair of large bovine horns.
Your feet morph into talons.
Your +0 pair of boots melds into your body.
You hear some strange, mumbled words.
You are confused.
The orc closely misses you.
You bump into the rock wall.
The orc hits you from afar with a +0 trident.
You feel threatened and lose the ability to read scrolls!
* * * LOW HITPOINT WARNING * * *
Something hits you.
You die...

### #.# #.##########
#.o.).......
#{##########
####@#############
#................#
#.##.#####...###.####
#.##.# #...........
#.##.# #...##⌠.⌠#.#
#.##.#####...#.._..<.
#.##.#.........⌠.⌠..#
#.##.#.###...###.....
#.##.#.# #...# #.....


You could see an orc.

Vanquished Creatures
  An orc wizard (D:3)
  An adder (D:3)
  A worm (D:2)
  3 dart slugs (D:1)
  2 orcs (D:3)
  A bat (D:1)
  6 endoplasms
  2 giant cockroaches (D:1)
  7 goblins
  7 hobgoblins
  10 jackals
  5 quokkas
  3 ball pythons
  4 frilled lizards
  8 kobolds
  4 rats
65 creatures vanquished.

Notes
Turn   | Place    | Note
-------+----------+-------------------------------------------
     0 | D:1      | LustLizard the Demigod Transmuter began the quest for the
                  | Orb.
     0 | D:1      | Reached XP level 1. HP: 15/15 MP: 5/5
    39 | D:1      | Reached skill level 1 in Fighting
   127 | D:1      | Reached XP level 2. HP: 23/23 MP: 5/7
   239 | D:1      | Learned a level 2 spell: Wereblood
   526 | D:1      | You are sucked into a shaft and drop 1 floor!
   897 | D:1      | Reached XP level 3. HP: 20/28 MP: 8/8
  1632 | D:3      | Reached XP level 4. HP: 26/35 MP: 5/9
  2170 | D:3      | Gained mutation: You are weak. (Str -2) [potion of
                  | mutation]
  2170 | D:3      | Gained mutation: You are frail. (-10% HP) [potion of
                  | mutation]
  2170 | D:3      | Gained mutation: You occasionally lose the ability to read
                  | scrolls when taking damage. [potion of mutation]
  2181 | D:3      | Slain by an orc wizard

Illustrated notes

Levels and vault maps discovered:
D:1:      lemuel_arrival_broad_hall, layout_basic
D:2:      layout_rooms, shapermc_ecumenical_altar_pompeii
D:3:      layout_basic, nemelex_xobeh_ov_fountains_minmay, minmay_quadrilaterals

Skill      XL: |  1  2  3  4 |
---------------+-------------+-----
Fighting       | 1 |  1.7
Transmutations | 2 3 |  3.0
Unarmed Combat | 3 |  3.5
Spellcasting   | 2 |  2.2
Dodging        | |  1.7
Evocations     | |  0.4

Action                     |  1- 3 |  4- 6 || total
---------------------------+-------+-------++-------
  Melee: Unarmed           |   128 |    53 ||   181
         Kick              |    30 |     7 ||    37
         Headbutt          |    20 |     7 ||    27
         Punch             |     5 |       ||     5
   Cast: Beastly Appendage |    27 |     8 ||    35
         Wereblood         |     3 |     1 ||     4
    Use: Potion            |       |     4 ||     4
   Stab: Sleeping          |     1 |       ||     1
 Armour: Robe              |    11 |    11 ||    22
  Dodge: Dodged            |    78 |    22 ||   100

Table legend: (Time is in decaauts)
 A = Elapsed time spent in this place.
 B = Non-inter-level travel time spent in this place.
 C = Inter-level travel time spent in this place.
 D = Time resting spent in this place.
 E = Time spent auto-exploring this place.
 F = Levels seen in this place.
 G = Mean time per level.
                   A        B        C        D        E       F      G
               +--------+--------+--------+--------+--------+-----+--------+
         Total |   2169 |   2120 |     49 |    261 |   1434 |   3 |  723.0 |
       Dungeon |   2169 |   2120 |     49 |    261 |   1434 |   3 |  723.0 |
               +--------+--------+--------+--------+--------+-----+--------+

Top non-repeatable levels by time:
     D:1: 1036 daAuts
     D:3: 569 daAuts
     D:2: 563 daAuts
